 Dungeon Crawl Stone Soup version 0.18-a0-1562-gac8da35 (webtiles) character file.

509 M4edhros the Merchant of Misery (level 7, 0/43 HPs)
             Began as an Octopode Artificer on Mar 13, 2016.
             Was a Believer of Kikubaaqudgha.
             Succumbed to Sagrath01's ghost's poison
             ... on level 4 of the Dungeon.
             The game lasted 00:05:55 (2630 turns).

M4edhros the Merchant of Misery (OpAr)              Turns: 2630, Time: 00:05:55

Health: 0/43       AC:  1    Str: 10    XL:     7   Next: 19%
Magic:  9/9        EV: 14    Int: 17    God:    Kikubaaqudgha [**....]
Gold:   76         SH:  0    Dex: 12    Spells: 2 memorised, 2 levels left

rFire  . . .     SeeInvis .     A - +4 short sword
rCold  . . .     Gourm    .     (no shield)
rNeg   . . .     Faith    .     (helmet restricted)
rPois  .         Spirit   .     (no amulet)
rElec  .         Dismiss  .     (no ring)
rCorr  .         Reflect  .     (no ring)
SustAt .         Harm     .     (no ring)
MR     .....                    (no ring)
Stlth  +++.......               (no ring)
                                (no ring)
                                (no ring)
                                (no ring)

@: lethally poisoned (0 -> -12), not resistant to hostile enchantments, fairly
stealthy
A: almost no armour, amphibious, 8 rings, constrict 8, camouflage 1, gelatinous
body 1
a: Receive Corpses, Renounce Religion


You were on level 4 of the Dungeon.
You worshipped Kikubaaqudgha.
Kikubaaqudgha was pleased with you.
You were hungry.

You visited 1 branch of the dungeon, and saw 4 of its levels.

You collected 76 gold pieces.

Inventory:

Hand Weapons
 a - a +0 short sword
 u - a +0 hunting sling
 y - a +2 flail of crushing
 A - a +4 short sword (weapon)
Missiles
 k - 2 javelins (quivered)
 v - 52 stones
 x - 6 sling bullets
Wands
 b - a wand of flame (11/48)
 c - a wand of enslavement (15/24)
 d - a wand of random effects (12/48)
Scrolls
 g - 2 scrolls of magic mapping {unknown}
 j - a scroll of enchant armour {unknown}
 m - a scroll of noise {unknown}
 p - 3 scrolls of identify {unknown}
 w - a scroll of amnesia {unknown}
Books
 s - Kikubaaqudgha's Grimoire of Unholy Secrets
   (Kikubaaqudgha gifted it to you on level 2 of the Dungeon)

   Spells                             Type                      Level
   a - Animate Skeleton               Necromancy                   1
   b - Corpse Rot                     Necromancy                   2
   c - Sublimation of Blood           Necromancy                   2
   d - Vampiric Draining              Necromancy                   3
   e - Control Undead                 Necromancy                   4
Comestibles
 f - 4 bread rations
 i - 2 meat rations
 l - 4 fruits
 q - 3 royal jellies


   Skills:
 - Level 1.0 Fighting
 - Level 1.0 Short Blades
 + Level 4.5 Dodging
 - Level 2.9 Stealth
 * Level 5.5 Necromancy
 - Level 3.4 Evocations


You had 2 spell levels left.
You knew the following spells:

 Your Spells              Type           Power        Failure   Level  Hunger
a - Animate Skeleton      Necr           N/A          2%          1    ##.....
b - Vampiric Draining     Necr           ###.......   10%         3    ####...


Dungeon Overview and Level Annotations

Branches:
Dungeon (4/15)
 Temple: D:4-7

Altars:
Elyvilon
Kikubaaqudgha
Xom
Zin
The Shining One

Shops:
D:4 *

Annotations:
D:3 angel3174's ghost, amateur GrBe


Innate Abilities, Weirdness & Mutations

You cannot wear most types of armour.
You are amphibious.
You can wear up to eight rings at the same time.
You can use your tentacles to constrict eight enemies at once.
Your skin changes colour to match your surroundings (Stealth).
Your rubbery body absorbs attacks (AC +1).


Message History

There is a lethal amount of poison in your body!
There is a lethal amount of poison in your body!
There is a lethal amount of poison in your body!
* * * LOW HITPOINT WARNING * * *
You feel sick.
* * * LOW HITPOINT WARNING * * *
You feel sick.
* * * LOW HITPOINT WARNING * * *
You feel sick.
* * * LOW HITPOINT WARNING * * *
You feel sick.
* * * LOW HITPOINT WARNING * * *
You feel sick.
* * * LOW HITPOINT WARNING * * *
You feel sick.
* * * LOW HITPOINT WARNING * * *
You feel sick.
You feel less woody.
You die...
Kikubaaqudgha rasps: "You have failed me!
Welcome... death!"

##.# #r#
#r# #r#
#.# #.##
#..#
#######.##
#.....@..#
#.######.#
#.# #.##
#.# #..#
#.# ##.#
#.# #.##
#.# #..#
#.# ##.#
#.# #.#


There were no monsters in sight!

Vanquished Creatures
  The ghost of Sagrath01 the Caller, an amateur MfSu (D:4)
  A black bear (D:4)
  A phantom (D:4)
  A crimson imp (D:3)
  4 adders
  3 worms
  4 dart slugs
  A giant gecko (D:2)
  6 orcs
  A giant cockroach (D:4)
  12 goblins
  8 hobgoblins
  3 jackals (D:1)
  6 kobolds
  A quokka (D:2)
  A bat (D:1)
  3 giant newts
  4 rats
61 creatures vanquished.

Notes
Turn   | Place    | Note
--------------------------------------------------------------
     0 | D:1      | M4edhros the Octopode Artificer began the quest for the Orb.
     0 | D:1      | Reached XP level 1. HP: 13/13 MP: 3/3
     3 | D:1      | Noticed an electric eel
   129 | D:1      | Reached XP level 2. HP: 18/18 MP: 4/4
   141 | D:1      | Noticed an electric eel
   399 | D:2      | Found a faded altar to an unknown god.
   486 | D:2      | Became a worshipper of Kikubaaqudgha
   486 | D:2      | Reached * piety under Kikubaaqudgha
   486 | D:2      | Received a gift from Kikubaaqudgha
   486 | D:2      | Identified Kikubaaqudgha's Grimoire of Unholy Secrets (Kikubaaqudgha gifted it to you on level 2 of the Dungeon)
   489 | D:2      | Learned a level 1 spell: Animate Skeleton
   509 | D:2      | Reached XP level 3. HP: 23/23 MP: 5/5
  1155 | D:2      | Reached skill level 1 in Necromancy
  1439 | D:2      | Reached XP level 4. HP: 24/28 MP: 6/6
  1490 | D:2      | Reached ** piety under Kikubaaqudgha
  1493 | D:2      | Reached skill level 2 in Necromancy
  1558 | D:2      | Found a shimmering altar of Xom.
  1655 | D:3      | Found a white marble altar of Elyvilon.
  1655 | D:3      | Found a glowing golden altar of the Shining One.
  1655 | D:3      | Found a glowing silver altar of Zin.
  1677 | D:3      | Gained mutation: You have an increased reservoir of magic (+10% MP). [potion of mutation]
  1677 | D:3      | Gained mutation: You are clumsy. (Dex -2) [potion of mutation]
  1677 | D:3      | Gained mutation: You are partially covered in rough black scales (AC +4, Dex -1). [potion of mutation]
  1925 | D:3      | Reached XP level 5. HP: 31/33 MP: 8/8
  2008 | D:3      | Reached skill level 3 in Necromancy
  2016 | D:3      | Learned a level 3 spell: Vampiric Draining
  2024 | D:3      | Noticed angel3174's ghost (amateur GrBe)
  2057 | D:4      | Noticed Sagrath01's ghost (amateur MfSu)
  2131 | D:4      | Noticed a phantom
  2144 | D:4      | Killed a phantom
  2144 | D:4      | Reached XP level 6. HP: 32/38 MP: 9/9
  2186 | D:4      | Found Beoddav's Assorted Antiques.
  2247 | D:4      | Reached skill level 4 in Necromancy
  2263 | D:4      | Noticed a black bear
  2278 | D:4      | Killed a black bear
  2584 | D:4      | Gained mutation: You are robust (+10% HP). [potion of beneficial mutation]
  2585 | D:4      | Lost mutation: You are robust (+10% HP). [potion of cure mutation]
  2585 | D:4      | Lost mutation: You are clumsy. (Dex -2) [potion of cure mutation]
  2585 | D:4      | Lost mutation: You have an increased reservoir of magic (+10% MP). [potion of cure mutation]
  2585 | D:4      | Lost mutation: You are partially covered in rough black scales (AC +4, Dex -1). [potion of cure mutation]
  2622 | D:4      | Killed Sagrath01's ghost
  2622 | D:4      | Reached skill level 5 in Necromancy
  2622 | D:4      | Reached XP level 7. HP: 12/43 MP: 9/9
  2627 | D:4      | HP: 3/64 [poisoned by Sagrath01's ghost]
  2629 | D:4      | HP: 1/64 [poisoned by Sagrath01's ghost]
  2630 | D:4      | Succumbed to Sagrath01's ghost's poison

Vault maps used:
D:1:      arrival_aquarium_b, nrook_mini_backslash, roderic_serpentine_path,
          nrook_mini_vaults, serial_bayou_lake_a
D:2:      kennysheep_the_goblin_king, nicolae_overflow_hidden_temple,
          ecumenical_altar_2
D:3:      good_gods_temple_1, first_bread, minmay_misc_feat_four_crosses
D:4:      black_bear_nest_2, amethyst_overflow_temple_binary, serial_shops, shop

Skill      XL: |  1  2  3  4  5  6 |
---------------+-------------------+-----
Stealth        | 2 |  2.9
Necromancy     | 1 2 3 5 |  5.5
Dodging        | 3 4 |  4.5
Fighting       | |  1.0
Short Blades   | |  1.0
Evocations     | |  3.4

Action                   |  1- 3 |  4- 6 |  7- 9 || total
-------------------------+-------+-------+-------++-------
Melee: Short sword       |    67 |   135 |       ||   202
       Flail             |       |     1 |       ||     1
Evoke: Wand              |       |     6 |     1 ||     7
  Use: Potion            |       |     8 |       ||     8
 Stab: Sleeping          |    11 |     3 |       ||    14
       Distracted        |     1 |       |       ||     1
       Paralysed         |       |     6 |       ||     6
  Eat: Chunk             |     1 |     4 |       ||     5
